[Event "Early-Titled-Tuesday-Blitz-February-06-2024"]
[Site "Chess.com"]
[Date "2024.02.06"]
[Round "7"]
[White "Happy1712Drummer"]
[Black "Ariadna_Atreides"]
[Result "1-0"]
[WhiteElo "2389"]
[BlackElo "2168"]
[TimeControl "180+1"]
[EndTime "9:18:11 PST"]
[Termination "Happy1712Drummer won on time"]

1. e4 c6 2. d4 d5 3. Nc3 dxe4 4. Nxe4 Nf6 5. Nxf6+ exf6 6. Be2 Bd6 7. Bf3 O-O 8.
Ne2 Qc7 9. c4 c5 10. dxc5 Qxc5 11. O-O Rd8 12. Bd5 Nc6 13. a3 Be6 14. Be3 Qa5 15. b4 Qc7 16. g3 Bxd5 17. cxd5 Ne5 18. Rc1 Qe7 19. Nd4 a6 20. Qe2 g6 21. Nb3 f5 22. Bb6 Re8 23. Kg2 Nd7 24. Qxe7 Rxe7 25. Bc7 Be5 26. Rfe1 Rae8 27. Bxe5 Nxe5 28. d6 Re6 29. Nc5 Rxd6 30. Nxb7 Rd7 31. Nc5 Rde7 32. Re3 Ng4 33. Rxe7 Rxe7 34. Nxa6 Re2 35. b5 Rxf2+ 36. Kg1 Rxh2 37. b6 Rb2 38. Nb4 Ne5 39. b7 Nd7 40. Rd1 1-0

[Event "Early-Titled-Tuesday-Blitz-February-06-2024"]
[Site "Chess.com"]
[Date "2024.02.06"]
[Round "7"]
[White "Fandorine"]
[Black "AlexeiShirov"]
[Result "1-0"]
[WhiteElo "2966"]
[BlackElo "2782"]
[TimeControl "180+1"]
[EndTime "9:18:12 PST"]
[Termination "Fandorine won on time"]

1. c4 c6 2. Nf3 d5 3. e3 Nf6 4.
Nc3 Nbd7 5. Qc2 e5 6. cxd5 Nxd5 7. Bc4 Nb4 8. Qf5 Nf6 9. Qxe5+ Be7 10. O-O b5 11.
Be2 O-O 12. d4 h6 13. Qf4 g5 14. Nxg5 hxg5 15. Qxg5+ Kh8 16. e4 Rg8 17. Qh6+ Nh7 18. d5 Bg5 19. Bxg5 Qxg5 20. Qxg5 Nxg5 21. f4 Nh7 22.
Rac1 cxd5 23. a3 d4 24. Nxb5 d3 25. Bf3 Ba6 26. Nd6 d2 27. axb4 dxc1=Q 28. Rxc1 Rgf8 29. b5 Bc8 30. e5 Rb8 31. Rc7 Be6 32. Rxa7 f6 33.
f5 Bb3 34. e6 Ng5 35. Bc6 Rfd8 36. Rd7 Rxd7 37. Bxd7 Kg7 38. h4 Nh7 39. e7 Bf7 40. b6 Bh5 41. b7 Kg8 42. b4 1-0

[Event "Early-Titled-Tuesday-Blitz-February-06-2024"]
[Site "Chess.com"]
[Date "2024.02.06"]
[Round "7"]
[White "Barmen_EV"]
[Black "AndresDelgado77"]
[Result "0-1"]
[WhiteElo "2486"]
[BlackElo "2361"]
[TimeControl "180+1"]
[EndTime "9:18:12 PST"]
[Termination "AndresDelgado77 won by checkmate"]

1. e4 e6 2. d4 d5 3. Nd2 Nc6 4. c3 e5 5. exd5 Qxd5 6. Ngf3 exd4 7. Bc4 Qd6 8. O-O Be7 9. Ne4 Qg6 10. Re1 Bg4 11. Neg5 Nh6 12. cxd4 O-O-O 13. d5 Bxg5 14. Bxg5 f6 15. Qa4 Bxf3 16. dxc6 Qxg5 17. Bf1 a6 18. h4 Qg4 19. cxb7+ Bxb7 20. b4 Qxh4 21. Bxa6 Ng4 22. Bxb7+ Kxb7 23. Qb5+ Kc8 24. Qa6+ Kb8 25. Qb5+ Kc8 26. Qf5+ Rd7 27. Qf4 g5 28. Qe4 Qxf2+ 29.
Kh1 Qh4+ 30. Kg1 Qh2+ 31. Kf1 Qf4+ 32. Kg1 Qxe4 33. Rxe4 Ne5 34. a4 Rhd8 35. Ree1 Rd2 36. a5 Rb2 37. a6 Kb8 38. Rec1 Rdd2 39. a7+ Ka8 40. Rxc7 Rxg2+ 41. Kf1 Rbf2+ 42. Ke1 Nf3+ 43. Kd1 Rg1# 0-1

[Event "Early-Titled-Tuesday-Blitz-February-06-2024"]
[Site "Chess.com"]
[Date "2024.02.06"]
[Round "7"]
[White "BestestBP"]
[Black "stratacticos"]
[Result "1-0"]
[WhiteElo "2249"]
[BlackElo "2045"]
[TimeControl "180+1"]
[EndTime "9:18:12 PST"]
[Termination "BestestBP won by resignation"]

1. e4 c5 2. Nf3 Nc6 3. d4 cxd4 4. Nxd4 e5 5. Nb5 a6 6. Nd6+ Bxd6 7. Qxd6 Qf6 8.
Qxf6 Nxf6 9. Nc3 O-O 10. Bg5 Ne8 11. O-O-O f6 12. Be3 b5 13. f3 d6 14. Nd5 Be6 15. Kb1 Bxd5 16. Rxd5 Ne7 17. Rd2 Rd8 18. a4 d5 19.
exd5 Rxd5 20. axb5 Rxd2 21. Bxd2 axb5 22. Bxb5 Nd6 23.
Bd3 Rb8 24. Rd1 Nc6 25. Bc3 Nb5 26. Bc4+ Kf8 27. Bxb5 Rxb5 28. Rd6 Rc5 29. Rd3 Ke7 30. b3 Ke6 31. Kb2 f5 32. Rd1 g5 33. g3 h5 34.
b4 Rc4 35. Kb3 Rd4 36. Bxd4 Nxd4+ 37. Kc4 Nxf3 38. b5 e4 39. b6 e3 40. b7 e2 41. Ra1 Ne5+ 42. Kc3 Nd7 43. Kd2 f4 44. gxf4 gxf4 45. Kxe2 h4 46. Rb1 Nb8 47. Rd1 Ke7 48.
c4 1-0

[Event "Early-Titled-Tuesday-Blitz-February-06-2024"]
[Site "Chess.com"]
[Date "2024.02.06"]
[Round "7"]
[White "cukricek"]
[Black "OneTrickPony_82"]
[Result "1-0"]
[WhiteElo "2355"]
[BlackElo "2536"]
[TimeControl "180+1"]
[EndTime "9:18:13 PST"]
[Termination "cukricek won by checkmate"]

1. g3 d5 2. Nf3 Nf6 3. Bg2 c5 4. O-O Nc6 5. d4 e6 6. c4 dxc4 7. Qa4 Bd7 8. dxc5 Na5 9. Qa3 Rc8 10. Be3 b6 11. b4 cxb3 12. axb3 Bxc5 13. Bxc5 Rxc5 14. b4 Nc4 15. Qxa7 Rc7 16. Qa6 O-O 17. Rd1 Bc8 18. Rxd8 Rxd8 19. Qa4 e5 20. Nc3 e4 21. Ng5 e3 22. f4 h6 23. Nge4 Bd7 24. Nxf6+ gxf6 25. Qb3 Be6 26. Ne4 f5 27. Nf6+ Kf8 28.
Qc3 Ke7 29. Nh5 Rdc8 30. Qf6+ Kd7 31. Ng7 Nd2 32. Qd4+ Ke7 33. Qxe3 Nc4 34. Qd4 Rd7 35. Qc3 Nd2 36. Qxc8 Ne4 37. Bxe4 fxe4 38. Qc3 f6 39. Nxe6 Kxe6 40. Qc6+ Rd6 41. Qxe4+ Kd7 42. Rc1 Kd8 43. Qb7 Ke8 44. Rc8+ Rd8 45. Rxd8+ Kxd8 46. e4 f5 47.
e5 Ke8 48. e6 Kd8 49. Qd7# 1-0

[Event "Early-Titled-Tuesday-Blitz-February-06-2024"]
[Site "Chess.com"]
[Date "2024.02.06"]
[Round "7"]
[White "JohnWhite1952"]
[Black "igorknyazev"]
[Result "0-1"]
[WhiteElo "1952"]
[BlackElo "2139"]
[TimeControl "180+1"]
[EndTime "9:18:13 PST"]
[Termination "igorknyazev won on time"]

1. e4 e5 2. Nf3 Nf6 3. Nc3 Bb4 4.
d3 O-O 5. Bd2 Nc6 6. Be2 d5 7.
exd5 Nxd5 8. Nxd5 Bxd2+ 9. Qxd2 Qxd5 10. O-O Nd4 11. Nxd4 Qxd4 12. Rfe1 Qxb2 13. Bf3 c6 14. Reb1 Qd4 15. g3 f5 16. Kg2 e4 17. Be2 b5 18.
Qf4 a6 19. Qc7 Qd5 20. a4 Rf7 21. Qf4 Bb7 22. f3 h6 23. axb5 cxb5 24. dxe4 fxe4 25. Qxe4 Qd2 26. Qd3 Bxf3+ 27. Kg1 Qxe2 28. Qxe2 Bxe2 29. Re1 Bc4 30. Re5 a5 31. c3 a4 32. Rc5 Raf8 33.
Re5 Rf1+ 34. Rxf1 Rxf1+ 35. Kg2 a3 36. Re8+ Kh7 37. Ra8 Ra1 38. Kf2 a2 39. Kg2 Bd5+ 40. Kh3 Bxa8 41. Kg4 Rh1 0-1

[Event "Early-Titled-Tuesday-Blitz-February-06-2024"]
[Site "Chess.com"]
[Date "2024.02.06"]
[Round "7"]
[White "andrzej"]
[Black "AldokhinIvan"]
[Result "0-1"]
[WhiteElo "2431"]
[BlackElo "2620"]
[TimeControl "180+1"]
[EndTime "9:18:14 PST"]
[Termination "AldokhinIvan won on time"]

1. e4 c5 2. Nf3 e6 3. d4 cxd4 4.
Nxd4 a6 5. c4 Qc7 6. a3 Nf6 7.
Nc3 d6 8. Be3 Nbd7 9. Be2 Be7 10. O-O O-O 11. Rc1 b6 12. f4 Bb7 13. f5 e5 14. Nd5 Qd8 15. Nb3 Bxd5 16. exd5 a5 17. Nd2 Nc5 18. b4 axb4 19. axb4 Nce4 20. Nxe4 Nxe4 21. Qc2 Nf6 22. Rfd1 Nd7 23. Qd2 Ra3 24.
Bd3 Re8 25. Qb2 Ra7 26. Ra1 Rxa1 27. Rxa1 Bg5 28. Qd2 Bxe3+ 29. Qxe3 e4 30. Re1 Nf6 31. Bc2 Qc8 32. Bb3 Qxf5 33. Qxb6 Qe5 34. h3 e3 35. Bd1 Qc3 36. Re2 Qxc4 37. Qxd6 Qc1 38. Qa6 Qxd1+ 39. Kh2 Qxd5 40. Qa4 Qe5+ 41. Kh1 Ne4 0-1

[Event "Early-Titled-Tuesday-Blitz-February-06-2024"]
[Site "Chess.com"]
[Date "2024.02.06"]
[Round "7"]
[White "MdChess1734"]
[Black "SharapovEvgeny"]
[Result "1/2-1/2"]
[WhiteElo "2390"]
[BlackElo "2530"]
[TimeControl "180+1"]
[EndTime "9:18:15 PST"]
[Termination "Game drawn by repetition"]

1. e4 c5 2. Nf3 d6 3. d4 cxd4 4.
Nxd4 Nf6 5. Nc3 Nc6 6. Bg5 e6 7. Qd2 Be7 8. O-O-O O-O 9. Ndb5 Qa5 10. Bxf6 Bxf6 11.
Nxd6 Bxc3 12. Qxc3 Qxa2 13. Bc4 Qa1+ 14. Kd2 Qa5 15.
Qxa5 Nxa5 16. Ke3 Nxc4+ 17. Nxc4 b6 18. b3 Bb7 19. Rd7 Bc6 20. Rc7 Rfc8 21. Rxc8+ Rxc8 22. Ra1 Rc7 23. Ne5 Be8 24. c4 Kf8 25. Nd3 Ke7 26.
e5 a5 27. f3 Bc6 28. Nf2 Rd7 29. Rd1 Rxd1 30. Nxd1 f6 31. Kd4 Kd7 32. Ne3 Bb7 33.
Nc2 Bc6 34. Ne3 a4 35. bxa4 Bxa4 36. Ng4 Ke7 37. Nf2 Bc2 38. Kc3 Bf5 39. Kd4 Kd7 40. Nd1 Kc6 41. f4 fxe5+ 42. fxe5 h6 43. Ne3 Bg6 44. h4 Bh5 45. g4 Bg6 46. Ng2 Kd7 47. Nf4 Bf7 48. g5 hxg5 49. hxg5 Ke7 50. Kc3 Be8 51. Kb4 Bc6 52. g6 Kd7 53. Ne2 Be4 54. Nf4 Bc6 55. Nh5 Be4 56. Nf4 Bc6 1/2-1/2

[Event "Early-Titled-Tuesday-Blitz-February-06-2024"]
[Site "Chess.com"]
[Date "2024.02.06"]
[Round "7"]
[White "Sadykov_Ramil"]
[Black "Smiechu"]
[Result "0-1"]
[WhiteElo "2591"]
[BlackElo "2451"]
[TimeControl "180+1"]
[EndTime "9:18:16 PST"]
[Termination "Smiechu won by checkmate"]

1. e4 c5 2. Nf3 g6 3. d4 cxd4 4.
Nxd4 Nc6 5. c4 Nf6 6. Nc3 Nxd4 7. Qxd4 d6 8. Be2 Bg7 9. O-O O-O 10. Qd1 Be6 11.
Be3 Qa5 12. Qd2 Rfc8 13. b3 b5 14. Nxb5 Qxd2 15. Bxd2 Nxe4 16. Rad1 Nxd2 17. Rxd2 a5 18. Bf3 Rab8 19. Nd4 Bd7 20. Re1 Kf8 21. Bd1 a4 22.
g3 axb3 23. axb3 Ra8 24. Bf3 Ra3 25. Bd1 Ra1 26. f4 Rb1 27. Kf2 Ra8 28. Bf3 Raa1 29.
Rxb1 Rxb1 30. Bd1 Rb2 31. Nf3 Bd4+ 32. Ke2 Bg4 33. Rxb2 Bxb2 34. Kd3 Ke8 35. b4 Bf5+ 36. Kd2 Kd7 37. Bc2 Bg4 38. Be4 e6 39. Ne1 Kc7 40. Nc2 Kb6 41. Ne3 Bh3 42. Kd3 Ba3 43.
Nc2 Bb2 44. Ne3 Ba3 45. b5 Bc5 46. Bc6 Bxe3 47. Kxe3 Bf1 48. Kd4 f6 49. Bd7 e5+ 50. Kd5 Kc7 51. Be6 Bg2# 0-1

[Event "Early-Titled-Tuesday-Blitz-February-06-2024"]
[Site "Chess.com"]
[Date "2024.02.06"]
[Round "7"]
[White "tetrix83"]
[Black "Genghis_K"]
[Result "0-1"]
[WhiteElo "2592"]
[BlackElo "2913"]
[TimeControl "180+1"]
[EndTime "9:18:17 PST"]
[Termination "Genghis_K won on time"]

1. e4 c5 2. Nf3 d6 3. Bb5+ Bd7 4. Bxd7+ Nxd7 5. O-O e6 6. c3 Ngf6 7. Qe2 Be7 8. d4 O-O 9. Rd1 Rc8 10. Bf4 d5 11. e5 Ne4 12. Nbd2 Nxd2 13. Qxd2 cxd4 14. cxd4 Qb6 15.
h4 Rc6 16. h5 Rfc8 17. Ne1 Bb4 18. Qe3 Bxe1 19. Rxe1 Rc2 20. h6 g6 21. Bg5 Rxb2 22. Rac1 Rbc2 23. Rb1 Qa6 24. Rb3 b6 25. Qf4 Re2 26. Rc1 Re4 27. Qd2 Rc4 28. Be3 f6 29.
exf6 Nxf6 30. Rbc3 b5 31. Qb2 Qc6 32. Qa3 Qd7 33.
Qa6 Kf7 34. Rxc4 dxc4 35. a4 bxa4 36. Rxc4 Nd5 37. Qa5 g5 38. Rc5 Kg6 39. Qa6 Nxe3 40. Qd3 Qb7 41. Re5 Nf5 42. Rxe4 Qb3 43. Qxb3 axb3 44. Rxe6+ Kf7 0-1

[Event "Early-Titled-Tuesday-Blitz-February-06-2024"]
[Site "Chess.com"]
[Date "2024.02.06"]
[Round "7"]
[White "InitiatingASC"]
[Black "Crazy_girl99"]
[Result "1/2-1/2"]
[WhiteElo "2429"]
[BlackElo "2601"]
[TimeControl "180+1"]
[EndTime "9:18:17 PST"]
[Termination "Game drawn by repetition"]

1. d4 Nf6 2. c4 g6 3. Nf3 Bg7 4. g3 O-O 5. Bg2 c6 6. O-O d5 7. b3 Re8 8. Bb2 Bf5 9. Nbd2 Nbd7 10. Ne5 h6 11. Nxd7 Qxd7 12. e3 Bh3 13. Nf3 Bxg2 14. Kxg2 Ne4 15. Nd2 Ng5 16. f4 Qh3+ 17. Kg1 Ne4 18.
Nxe4 dxe4 19. Qe2 c5 20. dxc5 Rad8 21. Rad1 Qf5 22. Bxg7 Kxg7 23. b4 Rd3 24. Qb2+ f6 25.
Rxd3 exd3 26. Qd4 h5 27. Rd1 h4 28. Qxd3 Qh5 29. Qd7 Kf8 30. g4 Qh7 31. Qxb7 h3 32. Qf3 Kg7 33. c6 Qg8 34. Rd5 Qe6 35. b5 Rh8 36. f5 Qc8 37. Rd7 Qe8 38. Qe4 Kf8 39. Kf2 gxf5 40. gxf5 Rg8 41. Qd5 Rg2+ 42. Kf1 Qf7 43. Qxf7+ Kxf7 44. c7 Rxh2 45. c8=Q Rxa2 46.
Rd1 h2 47. Qe6+ Kg7 48. Qxe7+ Kh6 49. Qxf6+ Kh5 50. Qh8+ Kg4 51. f6 Kg3 52. Qg7+ Kf3 53. Qh6 Rf2+ 54. Ke1 Re2+ 55. Kf1 Rf2+ 56. Ke1 Re2+ 57.
Kf1 Rf2+ 1/2-1/2

[Event "Early-Titled-Tuesday-Blitz-February-06-2024"]
[Site "Chess.com"]
[Date "2024.02.06"]
[Round "7"]
[White "only_strong_moves"]
[Black "ural58"]
[Result "1-0"]
[WhiteElo "2668"]
[BlackElo "2482"]
[TimeControl "180+1"]
[EndTime "9:18:18 PST"]
[Termination "only_strong_moves won on time"]

1. d4 d5 2. Nc3 Nf6 3. Bf4 a6 4. e3 e6 5. Nf3 c5 6. Be2 Nbd7 7. Ne5 Nxe5 8. Bxe5 Nd7 9. Bg3 b5 10. Bf3 b4 11.
Ne2 a5 12. O-O Ba6 13. Re1 Nf6 14. Bh4 Be7 15. dxc5 Bxc5 16. Nd4 O-O 17. h3 Rc8 18.
Be2 Bxe2 19. Nxe2 Be7 20. c3 Ne4 21. Bxe7 Qxe7 22. f3 Nd6 23. cxb4 axb4 24. b3 Qa7 25. Qd3 Nf5 26. Nd4 Rc3 27. Qd2 Nxd4 28. exd4 Rfc8 29. Kh1 h6 30. f4 Rc2 31. Qxb4 Rxa2 32. Rxa2 Qxa2 33.
f5 exf5 34. Qb7 Qa8 35. Qd7 f4 36. Qf5 Rb8 37. Re7 Rf8 38. Qxf4 Qa1+ 39. Kh2 Qd1 40. Qe3 Qh5 41. Re5 Qg6 42. Rxd5 Kh7 43. b4 f5 44. Qf4 Qb6 45. Rxf5 Rb8 46. b5 Qd8 47. Qe4 Kh8 48. Qe5 Ra8 49. Rf7 Qg8 50. Re7 Rf8 51. Re6 Kh7 52. b6 Qf7 53. Re7 Qg6 54. b7 Rf2 55.
Rxg7+ Qxg7 56. Qxg7+ Kxg7 57. b8=Q 1-0

[Event "Early-Titled-Tuesday-Blitz-February-06-2024"]
[Site "Chess.com"]
[Date "2024.02.06"]
[Round "7"]
[White "Zurability"]
[Black "bulletteemo"]
[Result "1-0"]
[WhiteElo "2750"]
[BlackElo "2549"]
[TimeControl "180+1"]
[EndTime "9:18:19 PST"]
[Termination "Zurability won on time"]

1. e4 c5 2. Nf3 d6 3. c3 Nf6 4. Bd3 Nc6 5. h3 Bd7 6. Bc2 Rc8 7. O-O g6 8. Re1 Bg7 9. d4 cxd4 10. cxd4 Nb4 11. Bb3 d5 12. e5 Ne4 13. Nc3 e6 14.
Nxe4 dxe4 15. Bg5 Qa5 16. Rxe4 Bc6 17. Rh4 Nd5 18. Bh6 Bxh6 19. Rxh6 Ne7 20. Ng5 Rd8 21.
Nxh7 Kd7 22. Nf6+ Kc8 23. Rxh8 Rxh8 24. Rc1 Kb8 25. Qd3 Qb4 26. Ne4 Nf5 27. Ng5 Nxd4 28. Nxf7 Rf8 29. Nd6 a5 30. Bc4 Nf5 31. Bxe6 Qxb2 32.
Rb1 Qxe5 33. Nxf5 Qxe6 34. Nd4 Qd5 35. Nxc6+ Qxc6 36. h4 Rf5 37. Qg3+ Ka8 38. Re1 Ka7 39. Qe3+ Qb6 40. g3 a4 41. Qa3 Ra5 42. Qe3 Rb5 43.
Qxb6+ Kxb6 44. Re6+ Ka5 45. Rxg6 Rb2 46. h5 Rxa2 47.
h6 a3 48. h7 Ra1+ 49. Kg2 1-0

[Event "Early-Titled-Tuesday-Blitz-February-06-2024"]
[Site "Chess.com"]
[Date "2024.02.06"]
[Round "7"]
[White "mortngabriel"]
[Black "KaterynaLagno"]
[Result "0-1"]
[WhiteElo "2508"]
[BlackElo "2806"]
[TimeControl "180+1"]
[EndTime "9:18:19 PST"]
[Termination "KaterynaLagno won on time"]

1. e4 e5 2. Nc3 Nf6 3. Bc4 Bc5 4. d3 O-O 5. Nf3 Nc6 6. O-O a6 7. Bg5 h6 8. Bh4 Be7 9. Bxf6 Bxf6 10. Nd5 d6 11. c3 Na5 12. Bb3 Nxb3 13. Qxb3 Be7 14. d4 exd4 15. cxd4 c6 16. Nxe7+ Qxe7 17. Rfe1 Bg4 18.
h3 Bh5 19. Nd2 Rfe8 20. Nf1 Bg6 21. Ng3 c5 22. Rad1 b5 23. Qf3 c4 24. b3 Rac8 25. Rc1 d5 26. e5 Qe6 27. Ne2 Be4 28. Qg3 b4 29. f3 Bh7 30. Nf4 Qd7 31. Nh5 Bg6 32.
Nf4 Rc6 33. bxc4 dxc4 34. d5 Rb6 35. e6 Qd6 36. Rxc4 Kh7 37. Qg4 a5 38. Nxg6 fxg6 39. Qe4 a4 40. h4 h5 41. Rec1 Rb5 42. Rd4 b3 43. axb3 axb3 44. Rb1 b2 45. Rd2 Reb8 46. Qd4 Rb4 47. Qc3 Qb6+ 48. Rf2 Rb3 49. Qe5 Re3 0-1

[Event "Early-Titled-Tuesday-Blitz-February-06-2024"]
[Site "Chess.com"]
[Date "2024.02.06"]
[Round "7"]
[White "Njal28"]
[Black "GMBenjaminBok"]
[Result "0-1"]
[WhiteElo "3076"]
[BlackElo "2984"]
[TimeControl "180+1"]
[EndTime "9:18:20 PST"]
[Termination "GMBenjaminBok won by resignation"]

1. d4 Nf6 2. c4 e6 3. Nc3 Bb4 4. e3 O-O 5. a3 Bxc3+ 6. bxc3 d6 7. Ne2 c5 8. Ng3 Nc6 9. Ra2 b6 10. e4 Ba6 11. Bg5 h6 12. h4 cxd4 13. cxd4 hxg5 14.
hxg5 g6 15. Rd2 Nh7 16. f4 Nxg5 17. Qg4 Kg7 18. fxg5 Rh8 19. Rxh8 Qxh8 20. Qf4 Qd8 21. e5 dxe5 22. dxe5 Qe7 23. Ne4 Qxa3 24. Nd6 Rf8 25. Be2 Qa1+ 26. Kf2 Qxe5 27. Qxe5+ Nxe5 28. Ra2 Rd8 29. Nxf7 Kxf7 30. Rxa6 Rd7 31. Ke3 Rc7 32. Ra1 Ke7 33. Kd4 Kd6 34. Rf1 Nc6+ 35. Ke4 Ne5 36.
Kd4 Rf7 37. Rc1 Rf2 38. Bf1 Rf4+ 39. Ke3 Rg4 40. Ra1 a5 41. Rb1 Nxc4+ 42. Bxc4 Rxc4 43. Rb2 Kc5 44. Kf3 b5 45. Re2 Kd5 46. Rd2+ Rd4 47. Rc2 a4 48. Rc8 a3 49. Ke3 Ra4 50. Rd8+ Ke5 0-1

[Event "Early-Titled-Tuesday-Blitz-February-06-2024"]
[Site "Chess.com"]
[Date "2024.02.06"]
[Round "7"]
[White "KhungThep"]
[Black "FaustinoOro"]
[Result "0-1"]
[WhiteElo "2583"]
[BlackElo "2765"]
[TimeControl "180+1"]
[EndTime "9:18:20 PST"]
[Termination "FaustinoOro won on time"]

1. d4 Nf6 2. c4 e6 3. Nf3 b6 4. Bg5 Bb7 5. a3 Be7 6. e3 h6 7. Bh4 O-O 8. Nc3 d5 9. Rc1 Nbd7 10. cxd5 exd5 11. Bd3 a6 12. O-O Re8 13. Ne5 c5 14. Bf5 Nf8 15. Re1 Ne6 16. Qd3 c4 17.
Qd1 b5 18. Qf3 Qd6 19. Rcd1 Rad8 20. Qh3 Bc8 21. f4 Nc7 22. Bxc8 Rxc8 23. g4 Nd7 24. Bxe7 Rxe7 25. Kh1 Rce8 26. e4 dxe4 27. Nxe4 Qd5 28. Qf3 f6 29. Nc3 Qd6 30. Ne4 Qb6 31. Ng6 Rf7 32. f5 Rd8 33. Nc3 Nf8 34. Ne7+ Kh8 35. d5 Nd7 36. d6 Ne8 37. Nc6 Rc8 38. Ne7 Rb8 39. Ned5 Qxd6 40. Ne4 Qf8 41. Nf4 Ne5 42. Qg3 Kh7 43. Nc3 Nc7 44. Re2 Re8 45. Rde1 Rfe7 46. Re3 Qf7 47. R1e2 a5 48. Ne4 Rd8 0-1

[Event "Early-Titled-Tuesday-Blitz-February-06-2024"]
[Site "Chess.com"]
[Date "2024.02.06"]
[Round "7"]
[White "aranibos"]
[Black "Shushik"]
[Result "0-1"]
[WhiteElo "2286"]
[BlackElo "2535"]
[TimeControl "180+1"]
[EndTime "9:18:21 PST"]
[Termination "Shushik won by resignation"]

1. d4 Nf6 2. Nf3 d5 3. Bg5 Ne4 4. h4 h6 5. Bf4 c5 6. e3 Nc6 7. c3 Qb6 8. Qb3 c4 9. Qxb6 axb6 10. Nbd2 Nf6 11. a3 b5 12. Rc1 Bf5 13. Be2 e6 14. Ne5 Be7 15. g4 Bh7 16. g5 Nd7 17. Nxc6 bxc6 18.
gxh6 gxh6 19. Bxh6 Bg6 20. Bf4 Rxh4 21. Rxh4 Bxh4 22. Nf3 Bf6 23. Kd2 Ke7 24. Bg5 Rh8 25. Bxf6+ Kxf6 26. Rg1 Rh3 27. Ng5 Rh2 28. Ke1 Nb6 29. Nf3 Rh8 30. Kd2 Na4 31. Kc1 Ra8 32. Ne5 Ra6 33. Nxg6 fxg6 34. Bd1 Nb6 35. f4 Nc8 36.
Bc2 Ne7 37. Rh1 Nf5 38. Bxf5 Kxf5 39. Rh7 Ra8 40. Kd2 g5 41. Rh5 Rg8 42. Rxg5+ Rxg5 43. fxg5 Kxg5 44. Ke2 Kg4 45. Kf2 Kh5 46. Kf3 Kg5 47. Kg3 Kf5 48. Kf3 e5 49. dxe5 Kxe5 50. Kf2 Ke4 51.
Ke2 c5 52. Kd2 Kf3 53. Kc2 Kxe3 54. b3 cxb3+ 55. Kxb3 Kd3 56. Kb2 Kc4 57. Kc2 d4 58. cxd4 cxd4 0-1

[Event "Early-Titled-Tuesday-Blitz-February-06-2024"]
[Site "Chess.com"]
[Date "2024.02.06"]
[Round "7"]
[White "FMCarmona"]
[Black "bennyficial"]
[Result "1-0"]
[WhiteElo "2143"]
[BlackElo "2105"]
[TimeControl "180+1"]
[EndTime "9:18:21 PST"]
[Termination "FMCarmona won by resignation"]

1. e4 c5 2. Nf3 g6 3. c3 Bg7 4. d4 cxd4 5. cxd4 d6 6. h3 Nf6 7. Nc3 O-O 8. Bc4 Nxe4 9. Nxe4 d5 10. Bxd5 Qxd5 11. Nc3 Qh5 12. O-O Nd7 13. Re1 Re8 14.
Bf4 Nf6 15. Qb3 Bxh3 16. Qxb7 Bg4 17. Rxe7 Rxe7 18. Qxa8+ Re8 19. Qc6 Bd7 20. Qc5 Qg4 21. Qg5 Qe6 22. Re1 Qb6 23. Rxe8+ Bxe8 24. Be5 h6 25.
Qd2 Ng4 26. Bxg7 Kxg7 27. d5 Qd6 28. Qd4+ Nf6 29. Ne4 Qe7 30. Nfd2 Bd7 31. b3 g5 32. a4 Kg6 33. Nxf6 Qxf6 34. Qxf6+ Kxf6 35. Nc4 Bc8 36. f3 Ba6 37. Kf2 Ke7 38. Ke3 f5 39. g4 f4+ 40.
Kd4 Bc8 41. Ke4 Kf7 42. b4 Ke7 43. b5 Kd8 44. Ne5 Ke7 45. Kd4 Kd6 46. Nf7+ Ke7 47. Nxh6 Kf6 48. a5 Kg6 49. Nf5 Bxf5 50. gxf5+ Kxf5 51. b6 g4 52. fxg4+ Kxg4 53. bxa7 f3 54. a8=Q f2 55.
Qg8+ Kf3 56. Qf7+ Ke2 57. d6 1-0

[Event "Early-Titled-Tuesday-Blitz-February-06-2024"]
[Site "Chess.com"]
[Date "2024.02.06"]
[Round "7"]
[White "wyharga"]
[Black "Gabrielian_Artur"]
[Result "1-0"]
[WhiteElo "2580"]
[BlackElo "2752"]
[TimeControl "180+1"]
[EndTime "9:18:22 PST"]
[Termination "wyharga won by checkmate"]

1. e4 e5 2. Nf3 Nc6 3. Bc4 Bc5 4.
O-O Nf6 5. d4 Bxd4 6. Nxd4 Nxd4 7. Bg5 d6 8. f4 Be6 9. Na3 Qe7 10. c3 Bxc4 11. Nxc4 Ne6 12. Ne3 exf4 13. Nd5 Qd8 14. Bxf6 gxf6 15. Qa4+ c6 16. Nxf4 Qb6+ 17. Kh1 Nxf4 18.
Rxf4 Qxb2 19. Raf1 Rg8 20. R4f2 Qxc3 21. Rxf6 Qb2 22. g3 Qb5 23. Qxb5 cxb5 24. Rxf7 O-O-O 25. Rc1+ Kb8 26. Rcc7 Rde8 27. Rxb7+ Kc8 28. Rxa7 Kb8 29. Rfb7+ Kc8 30. Rxh7 Kb8 31. Rhb7+ Kc8 32. Rxb5 Rd8 33. Kg2 Rge8 34. Ra8+ Kc7 35. Rxd8 Rxd8 36. h4 Ra8 37. Rb2 Ra4 38. Re2 Kd7 39. g4 Ke6 40. Kg3 Ke5 41. h5 Ra3+ 42. Kh4 Kf4 43. h6 Kf3 44. Rd2 Kxe4 45. g5 Kf5 46. Rd5+ Kg6 47. Rxd6+ Kh7 48. Rd7+ Kg8 49. Kh5 Ra5 50. Rd8+ Kh7 51. Rd7+ Kg8 52. Re7 Kh8 53. Kg6 Ra6+ 54. Kf5 Ra5+ 55. Kf6 Rxa2 56.
Re8+ Kh7 57. g6+ Kxh6 58. Rh8# 1-0

[Event "Early-Titled-Tuesday-Blitz-February-06-2024"]
[Site "Chess.com"]
[Date "2024.02.06"]
[Round "7"]
[White "YurasovMat-2012"]
[Black "Road2GM3000"]
[Result "0-1"]
[WhiteElo "2646"]
[BlackElo "2494"]
[TimeControl "180+1"]
[EndTime "9:18:22 PST"]
[Termination "Road2GM3000 won on time"]

1. e4 c5 2. Nf3 d6 3. Bb5+ Bd7 4. Bxd7+ Nxd7 5. O-O Ngf6 6. Re1 e6 7. c4 Be7 8. d4 cxd4 9. Nxd4 O-O 10. Nc3 a6 11. b3 Re8 12. Be3 Rc8 13. Rc1 Nb6 14. a4 Nfd7 15.
f3 Qc7 16. a5 Na8 17. Ra1 Qb8 18. Qd2 Nc7 19. Nde2 Red8 20. Nf4 Nc5 21. Qc2 Bf6 22.
Rad1 Ne8 23. Nh5 Be7 24. Bd4 Nd7 25. Qf2 Qc7 26. Ra1 Ndf6 27. Nf4 Qb8 28. Ba7 Qa8 29.
Bb6 Rd7 30. Rad1 Bd8 31. g4 Bxb6 32. axb6 Rdd8 33. h4 Qb8 34. h5 d5 35. e5 Nd7 36.
cxd5 Rxc3 37. dxe6 Nxe5 38. Rxd8 Qxd8 39. Rxe5 fxe6 40.
Rxe6 Nf6 41. Re1 Rxb3 42. Ne6 Qxb6 43. Nd4 Rb4 44. Rd1 a5 45. h6 a4 46. hxg7 a3 47.
Kg2 Rb2 48. Rd2 Rxd2 49. Qxd2 Qb2 50. Nc2 a2 51. Qd8+ Kxg7 0-1

[Event "Early-Titled-Tuesday-Blitz-February-06-2024"]
[Site "Chess.com"]
[Date "2024.02.06"]
[Round "7"]
[White "tarno17"]
[Black "laskakid"]
[Result "1-0"]
[WhiteElo "2129"]
[BlackElo "2328"]
[TimeControl "180+1"]
[EndTime "9:18:22 PST"]
[Termination "tarno17 won on time"]

1. e4 e5 2. Nf3 Nc6 3. Bb5 a6 4. Ba4 Nf6 5. O-O d6 6. h3 b5 7.
Bb3 Na5 8. d3 Be7 9. c3 Nxb3 10.
Qxb3 O-O 11. Be3 Re8 12. Nbd2 c5 13. a4 Rb8 14. axb5 axb5 15. Qc2 Bf8 16. Ra7 d5 17. Bg5 Qb6 18. Rfa1 dxe4 19. Nxe4 Nxe4 20. dxe4 h6 21. Be3 Qc6 22. Nh4 Bb7 23. f3 g6 24. g4 Rbd8 25. g5 h5 26. Ng2 Bc8 27. Kh2 Qe6 28. h4 Qh3+ 29. Kg1 Be6 30. Qf2 Bc4 31. Ne1 b4 32.
Rc7 Bd6 33. Rc6 Bb5 34. Rxd6 Rxd6 35. Bxc5 Rd7 36. cxb4 Red8 37. Be3 Qe6 38. Kh2 Qb3 39. Ng2 Qxb4 40. Re1 Qb3 41. f4 Rd1 42. fxe5 Rxe1 43.
Nxe1 Bc6 44. Qf4 Qd1 45. Ng2 Qe2 46. e6 fxe6 47. Bc5 Bxe4 48. Qf6 1-0

[Event "Early-Titled-Tuesday-Blitz-February-06-2024"]
[Site "Chess.com"]
[Date "2024.02.06"]
[Round "7"]
[White "IsaqueGoncalvesSanto"]
[Black "Massakru"]
[Result "0-1"]
[WhiteElo "1856"]
[BlackElo "2329"]
[TimeControl "180+1"]
[EndTime "9:18:22 PST"]
[Termination "Massakru won by checkmate"]

1. d4 Nf6 2. c4 e6 3. Nc3 d5 4. Bg5 Bb4 5. e3 dxc4 6. Bxc4 h6 7. Bh4 g5 8. Bg3 Ne4 9. Qb3 Nc6 10.
Ne2 Qe7 11. a3 Ba5 12. O-O Nd2 13. Qa4 Nxf1 14. Rxf1 Bxc3 15. bxc3 Bd7 16. Qb5 Nxd4 17. Qxb7 Nxe2+ 18. Bxe2 O-O 19. Qxc7 Rac8 20. Qb7 Rfe8 21. Qxa7 Rxc3 22. Be5 Rxa3 23. Qc7 Ra2 24. Bd3 Qd8 25.
Qc3 Qc8 26. Qd4 Ra4 27. Qb2 Ra5 28. Bh8 Kf8 29. Qg7+ Ke7 30. Qf6+ Kd6 31. Qd4+ Rd5 32. Be5+ Ke7 33. Bf6+ Kf8 34. Bg7+ Kg8 35. Qf6 e5 36. Qxh6 f5 37. Qh8+ Kf7 38. Qh7 Ke6 39. Qg6+ Ke7 40. Bf6+ Kd6 41. Bxg5+ Re6 42. Qf7 Rxd3 43. Rb1 Qb7 44.
Qf8+ Kd5 45. e4+ fxe4 46. Rxb7 Rd1# 0-1